 Dungeon Crawl Stone Soup version 0.23.2-1-ga50397a (webtiles) character file.

Game seed: 10425839717610428320

1236 ohad the Changer (level 8, -4/78 HPs)
             Began as an Octopode Transmuter on May 18, 2019.
             Was an Initiate of Gozag.
             Slain by an orc warrior
             ... wielding a +0 war axe
              (23 damage)
             ... on level 7 of the Dungeon.
             The game lasted 00:14:31 (7086 turns).

ohad the Changer (Octopode Transmuter)              Turns: 7086, Time: 00:14:32

Health: -4/78      AC:  1    Str: 14    XL:     8   Next: 49%
Magic:  6/14       EV: 15    Int: 18    God:    Gozag
Gold:   606        SH:  0    Dex: 17    Spells: 5/15 levels left

rFire    . . .     SeeInvis +   b - +2 short sword (venom)
rCold    . . .     Gourm    .   (no shield)
rNeg     . . .     Faith    .   (helmet restricted)
rPois    +         Spirit   .   d - amulet of Estihal {+Rage rPois}
rElec    .         Reflect  .   w - ring of see invisible
rCorr    .         Harm     .   u - ring of flight
MR       .....                  y - +5 ring of dexterity
Stlth    ..........             (no ring)
HPRegen  0.23/turn              (no ring)
MPRegen  0.14/turn              (no ring)
                                (no ring)
                                (no ring)

@: berserking, very quick
A: almost no armour, stealthy swim, amphibious, 8 rings, constrict 8, camouflage
1, gelatinous body 1
a: Potion Petition, Call Merchant, Bribe Branch, Renounce Religion, Evoke
Berserk Rage, Evoke Flight


You were on level 7 of the Dungeon.
You worshipped Gozag.
Gozag was pleased with you.
You were not hungry.

You visited 1 branch of the dungeon, and saw 7 of its levels.

You collected 867 gold pieces.
You spent 180 gold pieces at shops.
You paid 81 gold pieces to Gozag.

Inventory:

Hand Weapons
 b - a +2 short sword of venom (weapon)
Missiles
 a - 92 arrows
 i - 21 poisoned needles
Jewellery
 d - the amulet of Estihal (around mantle) {+Rage rPois}
   (You took it off an orc priest on level 6 of the Dungeon)

   [amulet of rage]

   It protects you from poison.
   It lets you go berserk.
 u - a ring of flight (right tentacle)
 w - a ring of see invisible (left tentacle)
 y - a +5 ring of dexterity (on tentacle)
 z - a +3 ring of evasion {unknown}
Wands
 x - a wand of random effects (11)
Scrolls
 e - 2 scrolls of immolation {unknown}
 f - 3 scrolls of enchant armour {unknown}
 h - 2 scrolls of remove curse {unknown}
 l - a scroll of amnesia {unknown}
 m - a scroll of fear
 o - 2 scrolls of magic mapping {unknown}
 p - a scroll of noise {unknown}
 q - a scroll of teleportation {unknown}
 v - a scroll of identify
Potions
 g - 2 potions of lignification
 j - 5 potions of heal wounds
 k - 2 potions of resistance
 n - 6 potions of curing
 r - a potion of magic
 s - a potion of mutation
 t - 2 potions of flight
Comestibles
 c - 6 rations


   Skills:
 - Level 3.3 Fighting
 - Level 4.0 Dodging
 - Level 2.4 Stealth
 + Level 3.5 Unarmed Combat
 - Level 4.2 Spellcasting
 - Level 4.7 Transmutations
 - Level 4.2 Ice Magic
 - Level 3.1 Evocations


You had 5 spell levels left.
You knew the following spells:

 Your Spells              Type           Power        Failure   Level  Hunger
a - Beastly Appendage     Tmut           ###...       1%          1    None
b - Sticks to Snakes      Tmut           ###.....     3%          2    ##.....
c - Spider Form           Tmut/Pois      ##........   17%         3    ###....
d - Ice Form              Ice/Tmut       ###.....     22%         4    ####...

Your spell library contained the following spells:

 Spells                   Type           Power        Failure   Level  Hunger
 Blade Hands              Tmut           ###.......   50%         5    ######.


Dungeon Overview and Level Annotations

Branches:
Dungeon (7/15)             Temple (0/1) D:6

Altars:
Gozag
Makhleb
Okawaru
Qazlal
Yredelemnul
Zin
The Shining One

Shops:
D:5 *


Innate Abilities, Weirdness & Mutations

You cannot wear most types of armour.
You are very stealthy in the water. (Stealth+)
You are amphibious.
You can wear up to eight rings at the same time.
You can use your tentacles to constrict eight enemies at once.
Your skin changes colour to match your surroundings (Stealth+).
Your rubbery body absorbs attacks. (AC +1, EV +1)


Message History

You hit the orc warrior. You freeze the orc warrior.
The orc warrior is moderately wounded.
Casting: Sticks to Snakes (safe; 3% risk of failure)
Confirm with . or Enter, or press ? or * to list all spells.
You create a snake!
You now have 92 arrows.
The orc warrior hits you with a +0 war axe!!
* * * LOW HITPOINT WARNING * * *
The orc warrior hits your ball python with a +0 war axe!
Your ball python dies!
You feel much better.
The orc warrior hits you with a +0 war axe!
* * * LOW HITPOINT WARNING * * *
A red film seems to cover your vision as you go berserk!
You feel yourself moving faster!
You feel mighty!
You feel a lot more hungry.
You warm up again.
Your +2 short sword of venom unmelds from your body.
Your +2 short sword of venom begins to drip with poison!
The orc warrior hits you with a +0 war axe!!
You die...
Your body crumbles into a pile of gold.

..o.(..........#
o...........#.##
..........#...#
..#.......##..##### .
#...............#
#...............#
.......##........#
........##.o......#
........###.@..####
........#
#....###########
.......###..>)..).......#
..............########.#
............#
#########..........#
#........#####.....#
#..................#
#.............#######


You could see an orc warrior.

Vanquished Creatures
  2 sky beasts
  2 phantoms
  A centaur (D:4)
  3 scorpions
  3 crimson imps
  A hound (D:7)
  A jelly (D:6)
  2 bullfrog skeletons
  An orc wizard (D:7)
  2 orc priests
  A gnoll shaman (D:6)
  An iguana (D:5)
  2 worker ants
  A hound zombie (D:6)
  5 gnolls (D:6)
  5 adders
  A shadow imp (D:6)
  2 oozes (D:2)
  2 worms (D:2)
  4 dart slugs
  2 leopard geckos
  20 orcs
  6 giant cockroaches
  4 goblins
  6 hobgoblins
  9 jackals
  10 kobolds
  3 quokkas
  2 ball pythons
  4 bats
  A frilled lizard (D:4)
  A jackal skeleton (D:4)
  A quokka zombie (D:5)
  4 rats
115 creatures vanquished.

Vanquished Creatures (collateral kills)
  2 orcs (D:4)
2 creatures vanquished.

Grand Total: 117 creatures vanquished

Notes
Turn   | Place    | Note
-------+----------+-------------------------------------------
     0 | D:1      | ohad the Octopode Transmuter began the quest for the Orb.
     0 | D:1      | Reached XP level 1. HP: 13/13 MP: 3/3
   288 | D:1      | Reached XP level 2. HP: 11/18 MP: 5/5
   643 | D:1      | Learned a level 2 spell: Sticks to Snakes
   871 | D:1      | Reached XP level 3. HP: 22/23 MP: 6/6
  1813 | D:2      | Learned a level 3 spell: Spider Form
  1846 | D:2      | Reached XP level 4. HP: 25/28 MP: 7/7
  2756 | D:3      | Found an opulent altar of Gozag.
  2777 | D:3      | Became a worshipper of Gozag Ym Sagoz the Greedy
  2949 | D:3      | Reached XP level 5. HP: 19/33 MP: 6/9
  2993 | D:3      | Found an iron altar of Okawaru.
  2996 | D:3      | Found a stormy altar of Qazlal.
  3195 | D:3      | You fall through a shaft for 3 floors!
  3257 | D:6      | Identified the amulet of Estihal {+Rage rPois}
  3505 | D:6      | Learned a level 4 spell: Ice Form
  3522 | D:5      | Entered Level 5 of the Dungeon
  3531 | D:5      | Reached skill level 1 in Ice Magic
  3531 | D:5      | Reached XP level 6. HP: 32/38 MP: 5/11
  4201 | D:4      | Found a glowing golden altar of the Shining One.
  4203 | D:4      | Found a burning altar of Makhleb.
  4209 | D:4      | Reached XP level 7. HP: 43/43 MP: 12/12
  5311 | D:5      | Reached skill level 1 in Stealth
  5662 | D:5      | Found Geusomal's Mayhem Merchandise.
  5715 | D:5      | Found an iron altar of Okawaru.
  5819 | D:5      | Reached XP level 8. HP: 46/52 MP: 10/14
  6805 | D:6      | Found a staircase to the Ecumenical Temple.
  6952 | D:7      | Found Zin's Purification Station.
  6996 | D:7      | Found a glowing silver altar of Zin.
  7005 | D:7      | Bought 2 potions of curing for 180 gold pieces
  7034 | D:7      | Found a basalt altar of Yredelemnul.
  7086 | D:7      | Slain by an orc warrior

Skill      XL: |  1  2  3  4  5  6  7  8 |
---------------+-------------------------+-----
Transmutations | 3 4 |  4.7
Spellcasting   | 3 4 |  4.2
Ice Magic      | 1 4 |  4.2
Stealth        | 2 |  2.4
Fighting       | 3 |  3.3
Dodging        | 3 4 |  4.0
Evocations     | 3 |  3.1
Unarmed Combat | |  3.5

Action                   |  1- 3 |  4- 6 |  7- 9 || total
-------------------------+-------+-------+-------++-------
Melee: Short sword       |    54 |    59 |    37 ||   150
       Constrict         |    18 |    13 |     6 ||    37
       Unarmed           |     2 |    51 |   104 ||   157
       Tentacles         |     8 |    17 |     6 ||    31
       Kick              |     1 |     7 |       ||     8
       Punch             |     1 |     1 |     1 ||     3
 Cast: Beastly Appendage |     5 |     4 |       ||     9
       Sticks to Snakes  |       |     5 |     5 ||    10
       Spider Form       |       |     2 |       ||     2
       Ice Form          |       |     3 |     9 ||    12
 Abil: Evoke Berserk Rag |       |       |     1 ||     1
  Use: Scroll            |       |     5 |     3 ||     8
       Potion            |       |       |     1 ||     1
 Stab: Sleeping          |     5 |     6 |     5 ||    16
       Distracted        |       |       |     1 ||     1
  Eat: Chunk             |     3 |     4 |       ||     7
       Ration            |       |     2 |     3 ||     5
Armor: Skin              |    13 |    14 |    24 ||    51
Dodge: Dodged            |    41 |    51 |    69 ||   161
